 Dungeon Crawl Stone Soup version 0.29-a0-541-gaf1fc19f1b (webtiles) character file.

Game seed: 16404992742993673277

72 testman the Skirmisher (level 4, -2/36 HPs)
             Began as a Meteoran Fighter on June 2, 2022.
             Was a Follower of Hepliaklqana.
             Slain by a gnoll
             ... wielding a +0 club
             ... led by a gnoll shaman
              (3 damage)
             ... on level 4 of the Dungeon.
             The game lasted 00:02:55 (740 turns).

testman the Skirmisher (Meteoran Fighter)            Turns: 740, Time: 00:02:56

Health: -2/36      AC:  7    Str: 19    XL:     4   Next: 79%
Magic:  5/5        EV:  9    Int:  9    God:    Hepliaklqana [*.....]
Gold:   86         SH:  5    Dex: 14    Spells: 3/3 levels left

rFire   + . .      SeeInvis .   a - +0 flail
rCold   . . .      Faith    .   c - +0 buckler
rNeg    . . .      Spirit   .   b - +0 scale mail
rPois   .          Reflect  .   (no helmet)
rElec   .          Harm     .   (no cloak)
rCorr   .          Rampage  .   (no gloves)
Will    .....                   (no boots)
Stlth   ..........              (no amulet)
HPRegen 0.12/turn               m - ring of protection from fire
MPRegen 0.09/turn               (no ring)

@: flying, glowing
A: reduced essence, sense surroundings 1, otherworldly, glowing, explore regen
a: Renounce Religion, Recall Ancestor, Ancestor Identity


You were on level 4 of the Dungeon.
You worshipped Hepliaklqana.
Hepliaklqana was aware of your devotion.
You visited 1 branch of the dungeon, and saw 4 of its levels.

You collected 86 gold pieces.

Inventory:

Hand Weapons
 a - a +0 flail (weapon)
Missiles
 o - 2 curare-tipped darts (quivered)
Armour
 b - a +0 scale mail (worn)
 c - a +0 buckler (worn)
Jewellery
 m - a ring of protection from fire (left hand)
Scrolls
 e - 4 scrolls of teleportation {unknown}
 f - a scroll of immolation {unknown}
 g - 2 scrolls of silence {unknown}
 h - a scroll of noise {unknown}
 k - 2 scrolls of identify {unknown}
 l - a scroll of blinking {unknown}
Potions
 d - a potion of might
 j - a potion of curing {unknown}
 n - a potion of haste {unknown}


   Skills:
 + Level 4.3 Fighting
 + Level 4.3 Maces & Flails
 - Level 3.7 Armour
 - Level 4.0 Shields


You had 3 spell levels left.
You didn't know any spells.
Your spell library was empty.

Dungeon Overview and Level Annotations

Branches:
Dungeon (4/15)
 Temple: D:4-7

Altars:
Hepliaklqana

Annotations:
D:3 2 transporters


Innate Abilities, Weirdness & Mutations

Your life essence is reduced to manifest your ancestor. (-10% HP)
You passively map a small area around you.
You are easily found by Zot.
You glow in the dark.
You regain HP and MP as you explore.


Message History

Zola remembers more of their old skill.
A gnoll shaman comes into view. It is wielding a +2 whip of freezing.
The gnoll shaman shouts!
You hear a shout!
Things that are here:
a +0 whip; a gnoll corpse A gnoll comes into view.
It is wielding a +0 club.
The gnoll shouts!
A gnoll comes into view. It is wielding a +0 club.
The gnoll shaman hits you with a +2 whip of freezing!
The gnoll shaman freezes you.
You are too injured to fight recklessly!
You are too injured to fight recklessly!
You are too injured to fight recklessly!
You sock the gnoll shaman!
The gnoll shaman is heavily wounded.
The gnoll shaman closely misses you.
You sock the gnoll shaman!
The gnoll shaman is almost dead.
The gnoll shaman hits you with a +2 whip of freezing.
The gnoll shaman freezes you.
* * * LOW HITPOINT WARNING * * *
Zola closely misses the gnoll shaman.
You hit the gnoll shaman.
You kill the gnoll shaman!
Zola hits the gnoll.
The gnoll hits you with a +0 club.
* * * LOW HITPOINT WARNING * * *
Zola closely misses the gnoll.
Your Maces & Flails skill increases to level 4!
Okay, then.
Okay, then.
The gnoll barely misses Zola.
Zola barely misses the gnoll.
You closely miss the gnoll.
The gnoll is lightly wounded.
The gnoll barely misses Zola.
The gnoll hits you with a +0 club.
* * * LOW HITPOINT WARNING * * *
Zola hits the gnoll.
It was a potion of flight.
You feel very buoyant.
You fly up into the air.
The gnoll hits you with a +0 club.
You die...

, #......# *
#......# ,+......#
.. , #......# * ...
,#......# , #...
#......#
....##.)g...# *
######.......gR...#
......#.?....@....#
......+...........#
......###+##.)....#
..........#......#
..........#.)....#
+ #.....#......# ,
#.....'......#
#.....#......# +
#.....##.....#


You could see the friendly Zola the ancestor and 2 gnolls.

Vanquished Creatures
  A gnoll shaman (D:4)
  A gnoll (D:4)
  An orc (D:3)
  2 ball pythons
  A bat (D:3)
  An endoplasm (D:3)
  A goblin (D:1)
  2 kobolds
  A frilled lizard (D:1)
11 creatures vanquished.

Vanquished Creatures (collateral kills)
  2 adders (D:4)
  A kobold (D:3)
  A frilled lizard (D:2)
  A rat (D:3)
5 creatures vanquished.

Grand Total: 16 creatures vanquished

Notes
Turn   | Place    | Note
-------+----------+-------------------------------------------
     0 | D:1      | testman the Meteoran Fighter began the quest for the Orb.
     0 | D:1      | Reached XP level 1. HP: 19/19 MP: 2/2
   123 | D:1      | Found a faded altar of an unknown god.
   131 | D:1      | Prayed at the altar of an unknown god.
   131 | D:1      | Became a worshipper of Hepliaklqana the Forgotten
   131 | D:1      | Reached * piety under Hepliaklqana
   221 | D:3      | Reached XP level 2. HP: 23/23 MP: 3/3
   376 | D:3      | Found a transporter.
   390 | D:3      | Noticed an electric eel
   390 | D:3      | Noticed an electric eel
   394 | D:3      | Found a transporter.
   541 | D:4      | Reached XP level 3. HP: 24/29 MP: 4/4
   731 | D:4      | Reached XP level 4. HP: 36/36 MP: 5/5
   739 | D:4      | HP: 1/36 [gnoll/+0 club[a gnoll shaman] (4)]
   740 | D:4      | Slain by a gnoll

Illustrated notes

Levels and vault maps discovered:
D:1:      giann_horns, layout_loops_ring, shapermc_ecumenical_altar_totnotflames
D:2:      layout_basic, serial_shops, nicolae_shop_bloodbath_and_beyond,
          hangedman_decor_points
D:3:      gammafunk_steamed_eel, layout_basic, minivault_11,
          kennysheep_cross_room, uniq_crazy_yiuf_cottage
D:4:      layout_gridville, uniq_sigmund, uniq_edmund

Skill      XL: |  1  2  3  4 |
---------------+-------------+-----
Maces & Flails | 3 4 |  4.3
Shields        | 4 |  4.0
Fighting       | 4 |  4.3
Armour         | |  3.7

Action                   |  1- 3 |  4- 6 || total
-------------------------+-------+-------++-------
Melee: Flail             |    31 |     4 ||    35
  Use: Potion            |       |     1 ||     1
Armor: Scale mail        |    15 |       ||    15
Dodge: Dodged            |     9 |     1 ||    10
Block: Buckler           |     8 |       ||     8

Table legend: (Time is in decaauts)
 A = Elapsed time spent in this place.
 B = Non-inter-level travel time spent in this place.
 C = Inter-level travel time spent in this place.
 D = Time resting spent in this place.
 E = Time spent auto-exploring this place.
 F = Levels seen in this place.
 G = Mean time per level.
                   A        B        C        D        E       F      G
               +--------+--------+--------+--------+--------+-----+--------+
         Total |    748 |    724 |     24 |      0 |    535 |   4 |  187.0 |
       Dungeon |    748 |    724 |     24 |      0 |    535 |   4 |  187.0 |
               +--------+--------+--------+--------+--------+-----+--------+

Top non-repeatable levels by time:
     D:3: 323 daAuts
     D:4: 206 daAuts
     D:1: 205 daAuts
     D:2: 13 daAuts
